 Dungeon Crawl Stone Soup version 0.30-a0-4-ga7cffc901d (webtiles) character file.

Game seed: 7260314485750110796

354 Setbun the Slicer (level 6, -2/35 HPs)
             Began as a Kobold Brigand on Aug 21, 2022.
             Was an Initiate of Wu Jian.
             Slain by an ogre
             ... wielding a +0 giant club
              (26 damage)
             ... on level 4 of the Dungeon.
             The game lasted 00:03:58 (4968 turns).

Setbun the Slicer (Kobold Brigand)                  Turns: 4968, Time: 00:03:59

Health: -2/35      AC:  3    Str:  8    XL:     6   Next: 95%
Magic:  6/6        EV: 14    Int: 13    God:    Wu Jian [......]
Gold:   199        SH:  0    Dex: 18    Spells: 5/5 levels left

rFire   . . .      SeeInvis .    w - +2 dagger (venom)
rCold   + . .      Faith    .    (no shield)
rNeg    . . .      Spirit   .    b - +0 robe
rPois   .          Reflect  .    (no helmet)
rElec   .          Harm     .    c - +0 cloak
rCorr   .          Rampage  .    (no gloves)
Will    .....                    (no boots)
Stlth   ++++......               (no amulet)
HPRegen 0.11/turn                m - ring of protection from cold
MPRegen 0.10/turn                (no ring)

@: no status effects
A: small, no large weapons, nightstalker 3
a: Renounce Religion


You were on level 4 of the Dungeon.
You worshipped Wu Jian.
Wu Jian was noncommittal.
You visited 2 branches of the dungeon, and saw 5 of its levels.

You collected 199 gold pieces.

Inventory:

Hand Weapons
 a - a +2 dagger
 t - a +0 dagger of holy wrath
 w - a +2 dagger of venom (weapon)
Missiles
 d - 9 poisoned darts (quivered)
 e - 3 curare-tipped darts
Armour
 b - a +0 robe (worn)
 c - a +0 cloak (worn)
Jewellery
 m - a ring of protection from cold (left hand)
 n - an amulet of faith
Wands
 o - a wand of light (8)
Scrolls
 f - 2 scrolls of acquirement {unknown}
 h - 5 scrolls of identify {unknown}
 j - a scroll of fear {unknown}
 k - a scroll of silence {unknown}
 l - 2 scrolls of immolation {unknown}
 p - a scroll of enchant armour {unknown}
 q - a scroll of brand weapon {unknown}
 s - a scroll of enchant weapon {unknown}
Potions
 g - a potion of cancellation {unknown}
 i - a potion of heal wounds
 u - a potion of ambrosia


   Skills:
 - Level 2.1 Fighting
 + Level 9.0 Short Blades
 - Level 2.1 Throwing
 - Level 1.2 Dodging
 - Level 5.3 Stealth


You had 5 spell levels left.
You didn't know any spells.
Your spell library contained the following spells:

 Spells                   Type           Power      Damage    Failure   Level
 Summon Forest            Summ/Tloc      0%         N/A       100%        5
 Summon Mana Viper        Hex/Summ       0%         N/A       100%        5
 Summon Cactus Giant      Summ           0%         N/A       100%        6


Dungeon Overview and Level Annotations

Branches:
Dungeon (4/15)             Temple (1/1) D:4

Altars:
Cheibriados
Elyvilon
Fedhas
Hepliaklqana
Kikubaaqudgha
Nemelex Xobeh
Qazlal
Vehumet
Wu Jian
Xom
Zin
The Shining One

Annotations:
D:4 1 runed translucent door, Crazy Yiuf


Innate Abilities, Weirdness & Mutations

You are small and have problems with some larger weapons.
You are completely attuned to the shadows.


Message History

The gnoll is lightly wounded.
You completely miss the gnoll.
The gnoll is lightly wounded.
The gnoll completely misses you.
You hit the gnoll.
The gnoll is poisoned.
The gnoll is moderately wounded.
You barely miss the gnoll. Your punch misses the gnoll.
The gnoll is moderately wounded.
The gnoll closely misses you.
You hit the gnoll but do no damage.
The gnoll looks as sick as possible!
The gnoll is moderately wounded.
You hit the gnoll.
The gnoll is heavily wounded.
The gnoll hits you but does no damage.
You barely miss the gnoll.
The gnoll is severely wounded.
You hit the gnoll.
The gnoll looks as sick as possible!
The gnoll is almost dead.
You kill the gnoll!
The Council accepts your kill.
You barely miss the orc. The orc barely misses you.
You hit the orc.
The orc is poisoned.
The orc is almost dead.
You hit the orc.
You kill the orc!
The Council accepts your kill.
You hit the ogre.
The ogre is poisoned.
The ogre is lightly wounded.
You hit the ogre.
The ogre looks as sick as possible!
The ogre is moderately wounded.
The ogre barely misses you.
You hit the ogre.
The ogre is moderately wounded.
You hit the ogre.
The ogre looks as sick as possible!
The ogre is heavily wounded.
You barely miss the ogre.
The ogre is heavily wounded.
The ogre hits you with a +0 giant club!!
Ouch! That really hurt!
You die...

#.# #.# #o#
#.#########################
#.#.................)......
######.#.#######################
#.o....#.#......#
#.######.#.####.# #.# #.#.####@#
#.######.#...<#O#
#o##...#.######o#
#.....>'.........
####.o.#..############
#...##....##.......
#########..')...... ####.....oo
#......o


You could see an ogre (extremely poisoned) and an orc.

Vanquished Creatures
  An ice beast (D:4)
  An iguana (D:4)
  Natasha (twice) (D:4)
  6 adders
  4 gnolls (D:4)
  An ufetubus (D:4)
  5 worms
  3 dart slugs
  3 orcs
  6 bats
  6 endoplasms
  2 giant cockroaches (D:3)
  6 goblins
  6 hobgoblins
  2 jackals (D:2)
  A quokka (D:4)
  6 ball pythons
  4 frilled lizards
  8 kobolds
  5 rats
78 creatures vanquished.

Vanquished Creatures (others)
  A goblin (D:1)
1 creature vanquished.

Grand Total: 79 creatures vanquished

Notes
Turn   | Place    | Note
-------+----------+-------------------------------------------
     0 | D:1      | Setbun the Kobold Brigand began the quest for the Orb.
     0 | D:1      | Reached XP level 1. HP: 12/12 MP: 1/1
   181 | D:1      | Reached skill level 3 in Short Blades
   343 | D:1      | Reached XP level 2. HP: 17/17 MP: 2/2
   511 | D:1      | Reached skill level 4 in Short Blades
   863 | D:1      | Found a faded altar of an unknown god.
   935 | D:1      | Reached XP level 3. HP: 21/21 MP: 3/3
  1701 | D:2      | Reached skill level 5 in Short Blades
  2349 | D:3      | Reached XP level 4. HP: 26/26 MP: 4/4
  2463 | D:3      | Reached skill level 6 in Short Blades
  2908 | D:3      | Reached XP level 5. HP: 5/30 MP: 5/5
  3444 | D:4      | Noticed an ice beast
  3476 | D:4      | Killed an ice beast
  3477 | D:4      | Reached skill level 7 in Short Blades
  3477 | D:4      | Reached XP level 6. HP: 35/35 MP: 6/6
  3638 | D:4      | Reached skill level 8 in Short Blades
  3853 | D:4      | Found a runed translucent door.
  3856 | D:4      | Noticed Crazy Yiuf
  3911 | D:4      | Noticed Natasha
  3920 | D:4      | Killed Natasha
  4203 | D:4      | Noticed Natasha
  4214 | D:4      | Killed Natasha
  4352 | D:4      | Found a staircase to the Ecumenical Temple.
  4359 | Temple   | Entered the Ecumenical Temple
  4399 | Temple   | Became a worshipper of the Wu Jian Council
  4945 | D:4      | Noticed an ogre
  4950 | D:4      | Reached skill level 9 in Short Blades
  4968 | D:4      | Slain by an ogre

Illustrated notes

Levels and vault maps discovered:
D:1:      wander_arrival_peaceful_grave, layout_loops_corners, serial_rivers,
          chequers_serial_rivers_room_b, chequers_serial_rivers_micro_c,
          chequers_serial_rivers_marsh, chequers_serial_rivers_small_3,
          chequers_serial_rivers_small_3,
          hellmonk_ecumenical_altar_inner_sanctum, lemuel_old_faithful
D:2:      layout_basic
D:3:      layout_loops_ring
D:4:      layout_basic, minmay_temple_entry_junction, uniq_natasha,
          uniq_crazy_yiuf_cottage
Temple:   eino_wide_crystal_templ

Skill      XL: |  1  2  3  4  5  6 |
---------------+-------------------+-----
Short Blades   | 3 4 5 6 7 9 |  9.0
Fighting       | |  2.1
Throwing       | |  2.1
Dodging        | |  1.2
Stealth        | |  5.3

Action                   |  1- 3 |  4- 6 || total
-------------------------+-------+-------++-------
Melee: Dagger            |    72 |   147 ||   219
       Punch             |       |     3 ||     3
Invok: Lunge             |       |     3 ||     3
  Use: Potion            |       |     6 ||     6
 Stab: Sleeping          |    24 |    16 ||    40
       Distracted        |     1 |     1 ||     2
       Invisible         |       |     1 ||     1
Armor: Robe              |     8 |    13 ||    21
Dodge: Dodged            |    18 |    65 ||    83

Table legend: (Time is in decaauts)
 A = Elapsed time spent in this place.
 B = Non-inter-level travel time spent in this place.
 C = Inter-level travel time spent in this place.
 D = Time resting spent in this place.
 E = Time spent auto-exploring this place.
 F = Levels seen in this place.
 G = Mean time per level.
                   A        B        C        D        E       F      G
               +--------+--------+--------+--------+--------+-----+--------+
         Total |   4900 |   4772 |    128 |   1071 |   3175 |   5 |  980.0 |
       Dungeon |   4841 |   4738 |    103 |   1071 |   3155 |   4 | 1210.2 |
        Temple |     59 |     34 |     25 |      0 |     20 |   1 |   59.0 |
               +--------+--------+--------+--------+--------+-----+--------+

Top non-repeatable levels by time:
     D:3: 1411 daAuts
     D:1: 1204 daAuts
     D:2: 1114 daAuts
     D:4: 1110 daAuts
  Temple: 59 daAuts
